 Dungeon Crawl Stone Soup version 0.19.1 (webtiles) character file.

221 Ladykiller69 the Slasher (level 5, -1/46 HPs)
             Began as a Minotaur Abyssal Knight on Dec 6, 2016.
             Was a Believer of Lugonu.
             Succumbed to a worker ant's poison
             ... on level 5 of the Dungeon.
             The game lasted 00:08:18 (3409 turns).

Ladykiller69 the Slasher (Minotaur Abyssal Knight)  Turns: 3409, Time: 00:08:19

Health: -1/46      AC:  4    Str: 17    XL:     5   Next: 65%
Magic:  6/6        EV: 12    Int:  9    God:    Lugonu [**....]
Gold:   246        SH:  0    Dex: 10    Spells: 0 memorised, 4 levels left

rFire  . . .     SeeInvis .     a - +2 falchion
rCold  . . .     Gourm    .     b - +0 leather armour
rNeg   . . .     Faith    .     (no shield)
rPois  .         Spirit   .     (helmet restricted)
rElec  .         Reflect  .     (no cloak)
rCorr  .         Harm     .     w - +0 pair of gloves
MR     .....                    (no boots)
Stlth  +.........               (no amulet)
                                (no ring)
                                (no ring)

@: lethally poisoned (-1 -> -14)
A: retaliatory headbutt, horns 2
a: Depart the Abyss, Bend Space, Renounce Religion


You were on level 5 of the Dungeon.
You worshipped Lugonu.
Lugonu was pleased with you.
You were not hungry.

You visited 1 branch of the dungeon, and saw 5 of its levels.
You visited the Abyss 1 time.

You collected 246 gold pieces.

Inventory:

Hand Weapons
 a - a +2 falchion (weapon)
Missiles
 g - 85 stones (quivered)
 j - 4 javelins
 m - 7 tomahawks
 o - 59 arrows
Armour
 b - a +0 leather armour (worn)
 w - a +0 pair of gloves (worn)
Jewellery
 i - a +5 ring of dexterity {unknown}
 l - an uncursed amulet of rage {unknown}
Scrolls
 e - a scroll of enchant weapon
 k - a scroll of remove curse
 n - 4 scrolls of identify
Potions
 h - 2 potions of haste
 p - a potion of curing {unknown}
 q - a potion of degeneration {unknown}
 r - a potion of ambrosia {unknown}
Comestibles
 c - 2 bread rations
 d - 2 beef jerkies
 f - 5 fruits
 u - a slice of pizza


   Skills:
 - Level 4.2 Fighting
 * Level 5.0 Long Blades
 + Level 3.6 Armour
 + Level 2.4 Dodging
 + Level 2.9 Invocations


You had 4 spell levels left.
You didn't know any spells.

Dungeon Overview and Level Annotations

Branches:
Dungeon (5/15)
 Temple: D:4-7

Altars:
Ashenzari
Uskayaw

Annotations:
D:3 Sigmund
D:4 Philosophy's ghost, weakling MfGl


Innate Abilities, Weirdness & Mutations

You reflexively headbutt those who attack you in melee.
You have a pair of horns on your head.


Message History

There is a stone staircase leading down here.
The worker ant bites you.
* * * LOW HITPOINT WARNING * * *
You are lethally poisoned!
The worker ant poisons you!
You climb downwards.
A necrophage comes into view.
* * * LOW HITPOINT WARNING * * *
You feel sick.
Found a stone staircase leading down.
There is a stone staircase leading up here.
You are too injured to fight recklessly!
As you read the scroll of immolation, it crumbles to dust.
The creatures around you are filled with an inner flame!
The worker ant bites you.
* * * LOW HITPOINT WARNING * * *
You are more poisoned.
The worker ant poisons you!
You hit the worker ant but do no damage.
You die...

# ###
#.#..
#....##
#.>.a@#
##....#
##.#.#
.....#
#n. ..#
........
###.
...#
#.....#


You could see a necrophage (inner flame) and a worker ant (inner flame).

Vanquished Creatures
  A hound (D:4)
  An orc wizard (D:3)
  A worker ant (D:4)
  4 adders
  An ooze (D:1)
  2 worms
  A dart slug (D:3)
  7 leopard geckos
  10 orcs
  2 ball pythons (D:1)
  4 giant cockroaches
  5 goblins
  3 hobgoblins
  4 jackals (D:2)
  9 kobolds
  2 quokkas
  9 bats
  6 frilled lizards
  8 rats
80 creatures vanquished.

Notes
Turn   | Place    | Note
-------+----------+-------------------------------------------
     0 | Abyss:1  | Ladykiller69 the Minotaur Abyssal Knight began the quest for the Orb.
     0 | Abyss:1  | Reached XP level 1. HP: 19/19 MP: 1/1
     4 | Abyss:1  | Found a corrupted altar of Lugonu.
    81 | Abyss:2  | Noticed a neqoxec
    81 | Abyss:2  | Noticed a neqoxec
    96 | Abyss:2  | Noticed a quasit
   117 | D:1      | Escaped the Abyss
   533 | D:1      | Reached skill level 3 in Long Blades
   578 | D:1      | Reached XP level 2. HP: 20/26 MP: 2/2
   592 | D:1      | Reached * piety under Lugonu
   789 | D:1      | Reached XP level 3. HP: 19/33 MP: 3/3
  1513 | D:2      | Found a faded altar of an unknown god.
  2129 | D:2      | Reached XP level 4. HP: 22/40 MP: 4/4
  2277 | D:2      | Reached ** piety under Lugonu
  2277 | D:2      | Reached skill level 4 in Long Blades
  2340 | D:2      | Found a shattered altar of Ashenzari.
  2341 | D:2      | Found a hide-covered altar of Uskayaw.
  2769 | D:3      | Reached XP level 5. HP: 23/46 MP: 5/5
  2849 | D:3      | Noticed Sigmund
  3170 | D:4      | Reached skill level 5 in Long Blades
  3211 | D:4      | Noticed Philosophy's ghost (weakling MfGl)
  3258 | D:3      | HP: 2/46 [Sigmund/puff of flame (12)]
  3356 | D:4      | Noticed an ogre
  3406 | D:4      | HP: 2/46 [worker ant (1)]
  3407 | D:5      | Entered Level 5 of the Dungeon
  3407 | D:5      | Noticed a necrophage
  3409 | D:5      | Succumbed to a worker ant's poison

Skill      XL: |  1  2  3  4  5 |
---------------+----------------+-----
Long Blades    | 3 4 5 |  5.0
Invocations    | 2 |  2.9
Fighting       | 4 |  4.2
Dodging        | 2 |  2.4
Armour         | 3 |  3.6

Action                   |  1- 3 |  4- 6 || total
-------------------------+-------+-------++-------
Melee: Falchion          |    88 |    94 ||   182
       Headbutt          |    12 |     9 ||    21
Invok: Depart the Abyss  |     1 |       ||     1
  Use: Scroll            |       |     8 ||     8
  Eat: Chunk             |     4 |     4 ||     8
Armor: Leather armour    |    23 |    25 ||    48
Dodge: Dodged            |    75 |    85 ||   160
       Rpst.: Falchion   |    28 |    23 ||    51
